 Dungeon Crawl Stone Soup version 0.19-a0-1720-gc855d72 (webtiles) character file.

3981 junb69 the Basher (level 9, -9/83 HPs)
             Began as a Demigod Wanderer on Sept 29, 2016.
             Splashed by an orc's acid (19 damage)
             ... on level 7 of the Dungeon.
             The game lasted 00:26:38 (8199 turns).

junb69 the Basher (Demigod Wanderer)                Turns: 8199, Time: 00:26:38

Health: -9/83      AC: 16    Str: 20    XL:     9   Next: 72%
Magic:  12/15      EV: 11    Int: 21    God:
Gold:   423        SH:  0    Dex: 16    Spells: 4 memorised, 3 levels left

rFire  x . .     SeeInvis .     I - +1 lajatang (vamp)
rCold  + + .     Gourm    .     z - +2 leather armour {rC+}
rNeg   . . .     Faith    .     (shield currently unavailable)
rPois  +         Spirit   .     j - +2 helmet {Int+3}
rElec  .         Dismiss  .     k - +0 cloak
rCorr  .         Reflect  .     x - +0 pair of gloves
MR     .....     Harm     .     w - +2 pair of boots
Stlth  +.........               (no amulet)
                                q - ring of ice
                                A - ring of wizardry

@: icy armour, corroded, slow
A: clever 1, high mp 1, poison resistance, screaming 1
a: no special abilities


You were on level 7 of the Dungeon.
You were not hungry.

You visited 1 branch of the dungeon, and saw 8 of its levels.

You collected 423 gold pieces.

Inventory:

Hand Weapons
 I - a +1 vampiric lajatang (weapon)
Armour
 j - a +2 helmet of intelligence (worn)
 k - a +0 cloak (worn)
 w - a +2 pair of boots (worn)
 x - a +0 pair of gloves (worn)
 z - a +2 leather armour of cold resistance (worn)
Magical Staves
 g - an uncursed staff of wizardry
Jewellery
 m - an uncursed ring of stealth
 q - a ring of ice (right hand)
 A - a ring of wizardry (left hand)
Wands
 c - a wand of random effects (3/48)
 H - a wand of acid (7/15)
Scrolls
 d - 2 scrolls of recharging
 e - 4 scrolls of remove curse
 n - 4 scrolls of teleportation
 C - a scroll of enchant armour
Potions
 h - a potion of lignification {unknown}
 o - a potion of brilliance {unknown}
 p - a potion of degeneration {unknown}
 r - 3 potions of haste
 t - a potion of cure mutation {unknown}
 u - a potion of mutation {unknown}
 v - a potion of might {unknown}
 B - a potion of magic {unknown}
 D - a potion of berserk rage {unknown}
Books
 a - a book of Battle

   Spells                             Type                      Level
   a - Infusion                       Charms                       1
   b - Shroud of Golubria             Charms/Translocation         2
   c - Song of Slaying                Charms                       2
   d - Spectral Weapon                Hexes/Charms                 3
   e - Regeneration                   Charms/Necromancy            3
 b - Uxobyril's Tome of the Snowflakes

   Spells                             Type                      Level
   a - Freeze                         Ice                          1
   b - Ozocubu's Armour               Charms/Ice                   3
 E - a book of Debilitation

   Spells                             Type                      Level
   a - Corona                         Hexes                        1
   b - Slow                           Hexes                        2
   c - Gell's Gravitas                Hexes/Translocation          3
   d - Inner Flame                    Hexes/Fire                   3
   e - Cause Fear                     Hexes                        4
   f - Leda's Liquefaction            Hexes/Earth                  4
Comestibles
 f - 4 bread rations
 i - a slice of pizza
 l - 8 chunks of flesh


   Skills:
 * Level 9.0 Fighting
   Level 9.1(9.3) Maces & Flails
 * Level 2.2(6.2) Staves
 - Level 2.1 Spellcasting
 - Level 2.7 Charms
   Level 1.0 Translocations
 - Level 2.2 Ice Magic
 - Level 1.7 Evocations


You had 3 spell levels left.
You knew the following spells:

 Your Spells              Type           Power        Failure   Level  Hunger
a - Freeze                Ice            ###.         4%          1    #......
b - Ozocubu's Armour      Chrm/Ice       ###.....     9%          3    ###....
c - Song of Slaying       Chrm           ##......     4%          2    ##.....
d - Spectral Weapon       Hex/Chrm       #.......     14%         3    ###....


Dungeon Overview and Level Annotations

Branches:
Dungeon (8/15)             Temple (0/1) D:5
   Lair: D:8-11


Innate Abilities, Weirdness & Mutations

You have an increased reservoir of magic. (+10% MP)
Your mind is acute. (Int +2)
Your system is resistant to poisons. (rPois)
You occasionally shout uncontrollably at your foes.


Message History

The orc shouts!
You slash the orc!
You kill the orc!
The orc zaps a wand.
The bolt of acid hits you! The acid corrodes you!
You are splashed with acid!
The acid burns!
It is a wand of acid.
The orc hits you but does no damage.
Items here: ! $ ) [ † a dagger; a chain mail; a bubbling silvery potion; 19 gold pieces an orc corpse
Casting: Ozocubu's Armour
Confirm with . or Enter, or press ? or * to list all spells.
You feel a surge of power! A film of ice covers your body!
The orc zaps a wand.
The bolt of acid hits you!
* * * LOW HITPOINT WARNING * * *
The acid corrodes you!
You are splashed with acid!
The acid burns!
* * * LOW HITPOINT WARNING * * *
You feel better.
The orc zaps a wand.
The bolt of acid hits you!
* * * LOW HITPOINT WARNING * * *
You are splashed with acid!
The acid burns!
You die...

.# #..........)(.............. .#
#..........................
.######......[...................
.....##############..............
.....# .........'..............
.....# .........#......########
.....# .........#......# .....#
......o..#......# .....#
o.....o@.'......# .....#
..##..o..#......######## .....#
#.....#.............. .....#
........#.......>...... .....+
.........#######........ .....#
.......... #........ .....#
..##.....# #........ ###### ..
####### #........ #........


You could see an orc priest and 3 orcs.

Vanquished Creatures
  A two-headed ogre (D:8)
  A hippogriff (D:7)
  Sigmund (D:3)
  5 yaks (D:6)
  A water moccasin (D:8)
  A sky beast (D:7)
  2 phantoms
  2 ice beasts
  3 ogres
  4 centaurs
  2 big kobolds (D:7)
  3 bullfrogs (D:7)
  A wyvern zombie (D:7)
  3 scorpions
  4 killer bees (D:7)
  2 crimson imps (D:6)
  A centaur zombie (D:5)
  A jelly (D:5)
  3 orc wizards (D:7)
  An orc priest (D:7)
  Crazy Yiuf (D:3)
  2 hounds (D:4)
  3 bullfrog skeletons
  An iguana (D:4)
  Terence (D:2)
  6 worker ants
  A killer bee zombie (D:5)
  Robin (D:3)
  2 worker ant zombies
  2 gnolls (D:2)
  6 adders
  2 shadow imps
  2 oozes
  An adder zombie (D:6)
  5 worms
  2 dart slugs (D:1)
  3 leopard geckos
  22 orcs
  3 ball pythons
  5 bats
  7 giant cockroaches
  14 goblins
  11 hobgoblins
  7 jackals
  5 quokkas
  6 frilled lizards
  10 kobolds
  A leopard gecko skeleton (D:4)
  A quokka skeleton (D:4)
  A quokka zombie (D:7)
  6 rats
182 creatures vanquished.

Notes
Turn   | Place    | Note
-------+----------+-------------------------------------------
     0 | D:1      | junb69 the Demigod Wanderer began the quest for the Orb.
     0 | D:1      | junb69 set off with: a book of Battle, Uxobyril's Tome of the Snowflakes, a wand of random effects (15/48), a +0 robe, a +0 club, a bread ration
     0 | D:1      | Reached XP level 1. HP: 14/14 MP: 5/5
     0 | D:1      | Identified Uxobyril's Tome of the Snowflakes
     2 | D:1      | Learned a level 1 spell: Freeze
   290 | D:1      | Reached skill level 1 in Ice Magic
   360 | D:1      | Reached XP level 2. HP: 17/20 MP: 7/7
   981 | D:2      | Reached XP level 3. HP: 23/27 MP: 3/8
  1081 | D:2      | Learned a level 3 spell: Ozocubu's Armour
  1201 | D:2      | Found a sacrificial altar of Ru.
  1280 | D:2      | Reached skill level 1 in Fighting
  1539 | D:2      | Noticed a moth of wrath
  1539 | D:2      | Noticed Terence
  1649 | D:2      | Killed Terence
  1649 | D:2      | Reached XP level 4. HP: 26/35 MP: 1/9
  1857 | D:2      | Found an iron altar of Okawaru.
  1950 | D:2      | Found a bloodstained altar of Trog.
  2195 | D:2      | Learned a level 2 spell: Song of Slaying
  2287 | D:3      | Noticed Robin
  2306 | D:3      | Killed Robin
  2491 | D:3      | Noticed Sigmund
  2519 | D:3      | Killed Sigmund
  2519 | D:3      | Reached XP level 5. HP: 10/42 MP: 6/10
  2675 | D:3      | Reached XP level 6. HP: 38/50 MP: 12/12
  3088 | D:3      | Found a runed door.
  3092 | D:3      | Noticed Crazy Yiuf
  3101 | D:3      | Killed Crazy Yiuf
  3705 | D:4      | Found a hide-covered altar of Uskayaw.
  3895 | D:4      | Reached skill level 5 in Maces & Flails
  4351 | D:4      | Reached XP level 7. HP: 40/58 MP: 9/13
  4480 | D:4      | Learned a level 3 spell: Spectral Weapon
  4481 | D:5      | Entered Level 5 of the Dungeon
  4481 | D:5      | Found a staircase to the Ecumenical Temple.
  4719 | D:5      | You fall through a shaft for 3 floors!
  4786 | D:8      | Noticed a two-headed ogre
  4848 | D:8      | Killed a two-headed ogre
  4848 | D:8      | Reached skill level 5 in Fighting
  5061 | D:7      | Reached XP level 8. HP: 54/69 MP: 8/14
  6533 | D:5      | Found a shimmering altar of Xom.
  6729 | D:6      | Reached XP level 9. HP: 79/79 MP: 12/15
  7231 | D:6      | Found a shattered altar of Ashenzari.
  7232 | D:6      | Found a hazy altar of Hepliaklqana.
  7631 | D:7      | Gained mutation: You occasionally shout uncontrollably at your foes. [mutagenic meat]
  7634 | D:7      | Gained mutation: Your system is resistant to poisons. (rPois) [mutagenic meat]
  7637 | D:7      | Gained mutation: Your mind is acute. (Int +2) [mutagenic meat]
  7813 | D:7      | Reached skill level 1 in Staves
  8199 | D:7      | Splashed by an orc's acid

Vault maps used:
D:1:      dpeg_arrival_tiny_i, solitary_fountain, minmay_hexomino_p4
D:2:      lemuel_coloured_pillars_altar, tgw_trog, okawaru_altar_gauntlet_db,
          uniq_terence
D:3:      uniq_crazy_yiuf_cottage, uniq_sigmund, uniq_robin
D:4:      first_bread, minmay_ruined_shrine
D:5:      kennysheep_little_box, serial_bayou_pond_b, roderic_serpentine_path
D:6:      gammafunk_temple_overflow_pools, serial_park_tiny_pond
D:7:      vehumet_crystals
D:8:      uniq_maurice, uniq_psyche, uniq_prince_ribbit1

Skill      XL: |  1  2  3  4  5  6  7  8  9 |
---------------+----------------------------+-----
Spellcasting   | 2 |  2.1
Ice Magic      | 1 2 |  2.2
Fighting       | 1 2 3 5 7 9 |  9.0
Maces & Flails | 3 4 5 6 8 9 |  9.1
Charms         | 2 |  2.7
Staves         | 2 |  2.2
Translocations | |  1.0
Evocations     | |  1.7

Action                   |  1- 3 |  4- 6 |  7- 9 || total
-------------------------+-------+-------+-------++-------
Melee: Club              |    66 |       |       ||    66
       Flail             |    26 |   169 |   369 ||   564
       Lajatang          |       |       |    53 ||    53
 Cast: Freeze            |    39 |    14 |    33 ||    86
       Ozocubu's Armour  |       |    11 |    25 ||    36
       Song of Slaying   |       |     1 |     2 ||     3
Evoke: Wand              |     3 |     8 |     1 ||    12
  Use: Potion            |       |     3 |     1 ||     4
       Scroll            |       |     8 |     7 ||    15
 Stab: Sleeping          |     7 |     5 |     1 ||    13
  Eat: Chunk             |     3 |     9 |    19 ||    31
       Pizza             |       |       |     2 ||     2
       Beef jerky        |       |       |     2 ||     2
Armor: Robe              |    69 |    37 |       ||   106
       Leather armour    |       |    42 |   303 ||   345
Dodge: Dodged            |    97 |    83 |   290 ||   470
Block: Buckler           |       |       |    23 ||    23
